Map: Eastwatch LE

Players

Mamba

  • Race: Zerg Zerg
  • Spawn Location: 7:00

Probe - Winner!

  • Race: Protoss Protoss
  • Spawn Location: 1:00

Event: IEM Season 12 - Katowice

VOD

Have the link to the VOD?

Description

Time

  • Played on: Feb. 26, 2018, 5:30 a.m.
  • Length: 15:48

All games in this series

Show
View Real Time Build Order
Export as new Build Order

Mamba Zerg 

Build Orders: Hatch First, Lurkers 

Get SALT Encoding   

  12  0:00  Drone  
  13  0:12  Overlord  
  13  0:17  Drone  
  14  0:31  Drone x2  
  16  0:35  Drone  
  17  0:55  Hatchery  
  17  0:56  Drone  
  17  0:58  Drone  
  18  1:06  Extractor  
  17  1:14  Spawning Pool  
  17  1:17  Drone  
  17  1:20  Drone  
  18  1:30  Drone  
  19  1:41  Overlord  
  19  1:51  Drone  
  20  2:00  Drone  
  21  2:01  Queen  
  21  2:05  Metabolic Boost  
  21  2:07  Queen  
  25  2:09  Zergling x2  
  26  2:17  Zergling x2  
  26  2:20  Drone  
  26  2:22  Drone  
  29  2:30  Drone  
  29  2:33  Drone  
  31  2:44  Hatchery, Zergling x2  
  31  2:48  Drone  
  32  2:52  Queen  
  32  2:56  Overlord  
  34  3:00  Drone  
  34  3:02  Drone  
  34  3:04  Drone  
  36  3:15  Drone x4  
  36  3:18  Drone x2  
  42  3:22  Overlord  
  42  3:24  Drone  
  42  3:26  Drone  
  44  3:33  Overlord  
  44  3:40  Overlord  
  44  3:43  Overlord  
  44  3:49  Queen  
  44  3:54  Drone x4  
  50  3:59  Drone x2  
  50  4:00  Evolution Chamber, Queen  
  53  4:03  Drone  
  53  4:04  Drone  
  53  4:05  Drone  
  53  4:08  Drone  
  53  4:09  Drone  
  58  4:16  Drone x2  
  60  4:20  Spore Crawler  
  60  4:22  Spore Crawler  
  58  4:25  Drone x3  
  58  4:29  Drone x2  
  58  4:30  Drone x2  
  65  4:36  Overlord x2  
  65  4:38  Zerg Melee Weapons Level 1  
  65  4:40  Drone x2  
  65  4:44  Drone x2, Extractor  
  65  4:45  Extractor  
  67  4:48  Drone  
  66  4:52  Drone  
  66  4:53  Drone  
  65  5:03  Baneling Nest  
  65  5:04  Drone x2  
  66  5:08  Drone x6  
  66  5:11  Lair  
  66  5:12  Drone x3  
  66  5:13  Overlord  
  66  5:14  Extractor  
  74  5:26  Zergling x2  
  74  5:27  Zergling x10  
  73  5:40  Drone x8  
  80  5:48  Overlord  
  80  5:56  Drone  
  81  5:57  Drone x5  
  81  5:58  Extractor  
  81  6:01  Overlord  
  81  6:02  Hatchery  
  84  6:08  Spore Crawler  
  84  6:09  Drone, Centrifical Hooks  
  84  6:11  Hydralisk Den  
  84  6:15  Drone  
  84  6:16  Drone x3  
  84  6:17  Drone x2  
  84  6:18  Drone x2, Extractor  
  89  6:29  Zergling x10  
  94  6:33  Zerg Melee Weapons Level 2  
  94  6:36  Overlord x2  
  94  6:38  Hatchery  
  93  6:40  Overlord  
  93  6:42  Hydralisk, Muscular Augments  
  93  6:43  Hydralisk x4  
  93  6:45  Overlord  
  101  6:55  Drone  
  101  6:56  Lurker Den  
  101  7:04  Drone x4  
  102  7:09  Hydralisk x5  
  102  7:10  Hydralisk x2  
  116  7:20  Drone x8  
  124  7:27  Extractor  
  123  7:31  Evolution Chamber, Hydralisk x4  
  123  7:32  Roach Warren  
  123  7:35  Overlord x2  
  129  7:37  Spore Crawler  
  129  7:44  Zergling x16  
  129  7:46  Baneling x7  
  129  7:47  Baneling x2  
  129  7:48  Baneling x2  
  136  7:55  Queen  
  136  7:57  Grooved Spines  
  138  8:08  Baneling x4  
  138  8:09  Baneling x10  
  138  8:13  Drone x2  
  138  8:14  Drone x4  
  138  8:18  Zergling x26  
  157  8:30  Pneumatized Carapace  
  157  8:36  Zerg Missile Weapons Level 1  
  155  8:42  Infestation Pit  
  154  8:55  Hatchery, Zerg Ground Armor Level 1  
  153  9:11  Hatchery  
  153  9:15  Lurker x5  
  153  9:16  Lurker x3  
  160  9:18  Zergling x16  
  160  9:19  Zergling x12  
  174  9:27  Extractor  
  174  9:31  Hive  
  173  9:37  Overlord  
  173  9:38  Overlord x3  
  168  9:47  Zergling x12  
  168  9:48  Overlord  
  168  9:49  Overlord x2  
  174  9:55  Overlord x2  
  174  9:58  Baneling x3  
  174  9:59  Baneling x4  
  174  10:00  Glial Reconstitution  
  174  10:06  Hatchery  
  148  10:25  Roach  
  148  10:26  Roach x24  
  148  10:27  Roach  
  185  10:35  Drone  
  185  10:42  Adaptive Talons  
  184  10:48  Lurker  
  184  10:49  Lurker x5  
  190  10:51  Roach x3  
  190  10:52  Roach x2  
  200  11:04  Zerg Missile Weapons Level 2  
  200  11:08  Overseer  
  200  11:09  Overseer x2  
  200  11:21  Zerg Melee Weapons Level 3  
  200  11:25  Adrenal Glands  
  193  11:42  Hydralisk x4  
  193  11:43  Extractor  
  193  11:44  Extractor  
  180  12:03  Hydralisk x7  
  180  12:04  Hydralisk x6  
  132  12:16  Zergling x2  
  132  12:17  Zergling x34  
  132  12:21  Queen x2  
  145  12:25  Zergling x2  
  146  12:34  Lurker x3  
  146  12:35  Lurker x4  
  153  12:38  Drone  
  153  12:39  Drone x2, Zergling x2  
  153  12:40  Zergling x20  
  167  12:45  Lurker x2  
  167  12:46  Hatchery  
  167  12:50  Roach x4  
  176  12:53  Roach  
  176  12:54  Roach x4  
  186  13:06  Hydralisk x7  
  197  13:18  Baneling  
  197  13:19  Baneling x2  
  183  13:27  Hydralisk  
  183  13:28  Hydralisk x4  
  179  13:58  Lurker x3  
  179  13:59  Lurker x5  
  183  14:09  Hydralisk x6  
  181  14:10  Hydralisk x2  
  181  14:13  Drone x3  
  190  14:20  Zergling x6  
  190  14:21  Zergling x14  
  199  14:33  Overseer x3  
  198  14:44  Zergling x4  
  160  14:54  Hydralisk x8  
  128  15:05  Hydralisk x4  
  134  15:09  Hydralisk  
  134  15:12  Hydralisk  
  122  15:22  Lurker x4  
  122  15:23  Lurker x3  
Show
View Real Time Build Order
Export as new Build Order

Probe Protoss - Winner!

Build Orders: 1 Gate Expand, Oracle Opening 

Get SALT Encoding   

  12  0:00  Probe  
  13  0:13  Probe  
  14  0:18  Pylon  
  14  0:25  Probe (Chrono Boost)  
  15  0:37  Probe (Chrono Boost)  
  15  0:38  Gateway  
  16  0:45  Probe (Chrono Boost)  
  17  0:51  Probe  
  17  0:53  Assimilator  
  18  1:03  Probe  
  19  1:15  Probe  
  20  1:25  Nexus  
  20  1:34  Cybernetics Core  
  20  1:36  Probe  
  21  1:44  Assimilator  
  21  1:49  Pylon  
  21  2:01  Probe (Chrono Boost)  
  22  2:08  Adept (Chrono Boost)  
  22  2:10  Warp Gate, Probe (Chrono Boost)  
  25  2:15  Probe (Chrono Boost)  
  26  2:27  Adept, Probe  
  29  2:38  Stargate  
  29  2:39  Probe (Chrono Boost)  
  31  2:44  Probe (Chrono Boost)  
  31  2:49  Probe (Chrono Boost)  
  32  2:53  Probe (Chrono Boost)  
  32  2:54  Probe (Chrono Boost)  
  32  2:56  Adept  
  36  3:03  Probe  
  36  3:05  Probe  
  38  3:13  Pylon  
  38  3:15  Probe  
  38  3:17  Probe  
  38  3:19  Void Ray (Chrono Boost)  
  44  3:27  Probe  
  44  3:29  Probe  
  44  3:33  Pylon  
  46  3:40  Probe  
  47  3:41  Probe  
  47  3:44  Assimilator  
  47  3:45  Assimilator  
  48  3:52  Probe, Oracle (Chrono Boost)  
  48  3:53  Probe  
  53  4:04  Probe  
  53  4:05  Probe  
  55  4:12  Pylon  
  55  4:16  Probe  
  56  4:18  Probe, Robotics Facility  
  56  4:19  Oracle (Chrono Boost)  
  60  4:27  Adept, Pylon  
  60  4:30  Probe  
  60  4:31  Gateway x2  
  63  4:36  Gateway  
  63  4:45  Probe x2  
  65  4:57  Probe  
  66  5:00  Nexus  
  66  5:04  Pylon  
  67  5:07  Sentry, Observer  
  67  5:11  Robotics Bay  
  67  5:13  Twilight Council  
  69  5:23  Probe  
  69  5:27  Immortal (Chrono Boost)  
  74  5:37  Probe  
  74  5:40  Probe  
  76  5:44  Sentry  
  76  5:45  Twilight Council  
  76  5:47  Pylon x2  
  76  5:49  Probe  
  79  5:50  Adept  
  79  5:54  Probe  
  82  6:01  Probe, Colossus (Chrono Boost)  
  82  6:02  Pylon x2  
  83  6:09  Probe  
  90  6:13  Probe  
  90  6:15  Probe  
  92  6:21  Probe  
  92  6:23  Extended Thermal Lance, Charge  
  94  6:25  Probe  
  94  6:27  Probe  
  94  6:29  Blink  
  95  6:33  Probe, Forge  
  95  6:34  Pylon  
  95  6:37  Probe  
  95  6:39  Probe, Assimilator  
  98  6:41  Assimilator  
  98  6:45  Probe  
  99  6:48  Adept x2  
  99  6:49  Probe  
  99  6:52  Probe, Adept  
  99  6:53  Colossus (Chrono Boost)  
  107  6:57  Probe  
  114  7:02  Probe  
  114  7:08  Protoss Ground Weapons Level 1 (Chrono Boost)  
  115  7:15  Pylon  
  115  7:16  Pylon  
  115  7:19  Gateway  
  115  7:21  Gateway  
  115  7:22  Gateway  
  115  7:23  Photon Cannon  
  115  7:24  Sentry x2  
  115  7:26  Zealot x2  
  123  7:30  Gateway  
  123  7:37  Colossus (Chrono Boost)  
  123  7:44  Gateway  
  129  7:45  Gateway  
  129  7:47  Templar Archives  
  129  7:51  Zealot x2  
  129  7:55  Shield Battery  
  129  7:56  Shield Battery  
  133  8:01  Zealot x2  
  137  8:15  Colossus (Chrono Boost)  
  137  8:16  Sentry x2  
  147  8:25  Pylon  
  147  8:26  Pylon  
  147  8:27  Pylon x3  
  147  8:28  Stalker  
  147  8:29  Stalker x2  
  147  8:31  Psionic Storm  
  153  8:37  Zealot x2  
  157  8:41  Pylon x2  
  157  8:45  High Templar x2  
  161  8:49  Archon  
  161  8:55  Warp Prism (Chrono Boost)  
  163  9:04  Pylon  
  163  9:08  Nexus  
  163  9:09  Pylon, High Templar x2  
  167  9:14  Protoss Ground Weapons Level 2 (Chrono Boost)  
  167  9:23  Zealot x5  
  177  9:32  Immortal  
  169  9:39  High Templar  
  169  9:46  Stalker x2  
  169  9:47  Stalker x2  
  169  9:49  Photon Cannon  
  169  9:52  Photon Cannon  
  177  10:06  Zealot  
  179  10:07  Zealot x4  
  182  10:15  Zealot  
  182  10:16  Zealot x4  
  172  10:28  High Templar x4  
  170  10:31  Probe x2  
  170  10:34  Archon  
  162  10:37  Immortal  
  162  10:39  Robotics Facility  
  162  10:42  Zealot  
  162  10:43  Zealot x2  
  162  10:49  Probe x2  
  168  10:58  High Templar x2  
  168  10:59  Zealot  
  168  11:02  Adept, Zealot x2  
  168  11:03  Zealot  
  182  11:12  Archon  
  182  11:13  Zealot  
  182  11:14  Zealot x2  
  188  11:21  Fleet Beacon, Oracle  
  188  11:22  Assimilator  
  188  11:23  Assimilator  
  188  11:24  Photon Cannon  
  188  11:25  Stargate  
  188  11:36  Zealot x6  
  192  11:48  Archon x3  
  192  11:49  Zealot  
  192  11:50  Zealot x3  
  176  12:04  Zealot x6  
  150  12:13  Zealot x2  
  150  12:14  Zealot x2  
  142  12:16  Immortal (Chrono Boost)  
  142  12:17  Immortal (Chrono Boost)  
  146  12:25  High Templar x3  
  146  12:26  High Templar  
  146  12:29  Zealot, Sentry  
  158  12:30  Probe x2  
  158  12:32  Protoss Ground Weapons Level 3 (Chrono Boost)  
  160  12:39  High Templar x2  
  160  12:42  Zealot x2  
  160  12:43  Archon  
  168  12:44  Probe  
  168  12:45  Probe  
  168  12:49  Immortal (Chrono Boost)  
  168  12:50  High Templar  
  169  12:51  Immortal  
  169  12:57  Nexus  
  177  12:58  Pylon  
  177  13:04  Zealot x5  
  187  13:10  Pylon  
  187  13:16  High Templar  
  187  13:17  High Templar  
  187  13:18  Zealot x2  
  191  13:21  Archon  
  185  13:31  Nexus  
  185  13:33  High Templar  
  185  13:34  High Templar  
  189  13:35  Zealot x4  
  189  13:39  Zealot  
  189  13:40  Zealot  
  193  13:42  Observer x2  
  195  14:03  Zealot x2  
  185  14:11  Zealot x6  
  196  14:20  Zealot x2  
  196  14:23  Pylon  
  199  14:25  Pylon  
  196  14:39  Observer  
  196  14:40  Oracle, Observer  
  188  14:55  Archon  
  188  14:58  Zealot, Nexus  
  188  14:59  Zealot x8  
  184  15:18  Pylon  
  182  15:21  Zealot x6  
  182  15:22  Zealot  
  186  15:41  Archon  

Tags
 
Add a new tag
Caveats
  • Supply blocks, unpowered buildings, or Contaminate may cause inaccurate times.
  • Supply counts are checked every 10 seconds.